 Dungeon Crawl Stone Soup version 0.27-a0-1158-gaa87e14f67 (webtiles) character file.

Game seed: 4841249798388466077

87833 freelancePsychic the Fighter (level 15, -6/111 HPs)
             Began as an Octopode Venom Mage on May 15, 2021.
             Was a High Priest of Vehumet.
             Mangled by a sphinx (8 damage)
             ... on level 13 of the Dungeon.
             The game lasted 02:33:22 (37475 turns).

freelancePsychic the Fighter (Octopode Venom Mage) Turns: 37475, Time: 02:33:22

Health: -6/111     AC:  7    Str:  9    XL:     15   Next: 91%
Magic:  12/36      EV: 16    Int: 34    God:    Vehumet [*****.]
Gold:   1613       SH:  0    Dex: 13    Spells: 2/30 levels left

rFire    . . .     SeeInvis .   h - +7 flail of Gehenna {vamp, Fly Int+2}
rCold    + . .     Faith    .   l - +1 buckler
rNeg     . . .     Spirit   .   F - +2 hat
rPois    .         Reflect  .   f - amulet of magic regeneration
rElec    .         Harm     .   g - ring of Neduorau {rCorr Int+4}
rCorr    +         Rampage  .   e - +6 ring of intelligence
Will     +....                  B - ring of magical power
Stlth    +++.......             a - ring of protection from cold
HPRegen  0.28/turn              E - ring of wizardry
MPRegen  0.50/turn              Q - +4 ring of protection
                                (no ring)
                                (no ring)

@: confused, unable to drink, flying, slowed, very slow
A: no potions, almost no armour, amphibious, 8 rings, camouflage 1, gelatinous
body 1, (nimble swimmer 1), tentacles
a: Renounce Religion


You were on level 13 of the Dungeon.
You worshipped Vehumet.
Vehumet was extremely pleased with you.
You visited 3 branches of the dungeon, and saw 22 of its levels.
You also visited: Ice Cave.

You collected 2462 gold pieces.
You spent 849 gold pieces at shops.

Inventory:

Hand Weapons
 b - a +1 flail of draining
 h - the +7 flail of Gehenna (weapon) {vamp, Fly Int+2}
   (You found it on level 12 of the Dungeon)

   It inflicts no extra harm, but heals its wielder when it wounds a living foe.
   It affects your intelligence (+2).
   It grants you flight.
 w - a +1 mace of protection
 G - the +10 glaive "Titown" {vorpal, rPois}
   (You found it on level 5 of the Lair of Beasts)

   It inflicts extra damage upon your enemies.
   It protects you from poison.
 J - a +2 flail of pain
Missiles
 x - 143 stones (quivered)
 H - 4 throwing nets
 Z - a curare-tipped dart
Armour
 l - a +1 buckler (worn)
 F - a +2 hat (worn)
 I - a +0 kite shield
Magical Staves
 k - a staff of cold
Jewellery
 a - a ring of protection from cold (on tentacle)
 e - a +6 ring of intelligence (right tentacle)
 f - an amulet of magic regeneration (around mantle)
 g - the ring of Neduorau (left tentacle) {rCorr Int+4}
   (You bought it in a shop on level 1 of the Dungeon)

   [ring of resist corrosion]

   It affects your intelligence (+4).
   It protects you from acid and corrosion.
 B - a ring of magical power (on tentacle)
 E - a ring of wizardry (on tentacle)
 O - a ring of ice
 Q - a +4 ring of protection (on tentacle)
 T - an amulet of the acrobat
Wands
 n - a wand of digging (8)
 o - a wand of iceblast (13)
 y - a wand of mindburst (5)
 z - a wand of polymorph (15)
 D - a wand of paralysis (43)
 L - a wand of flame (50)
Scrolls
 c - 4 scrolls of immolation
 p - 2 scrolls of brand weapon
 t - 3 scrolls of enchant weapon
 u - 3 scrolls of silence
 M - a scroll of enchant armour
 P - 2 scrolls of blinking
 R - 4 scrolls of magic mapping
 S - 2 scrolls of fear
 U - a scroll of noise
 V - 6 scrolls of identify {@r1}
 X - a scroll of vulnerability
 Y - a scroll of fog
Potions
 d - 5 potions of mutation
 i - 2 potions of cancellation
 q - 3 potions of might
 r - 2 potions of brilliance
 s - a potion of berserk rage
 v - 3 potions of flight
 A - 4 potions of attraction
 C - 3 potions of curing {@q1}
 K - 5 potions of lignification
 N - 2 potions of ambrosia
 W - 2 potions of heal wounds {@q2}


   Skills:
 - Level 13.6 Fighting
 - Level 8.0 Maces & Flails
 - Level 3.6 Polearms
 - Level 7.4 Dodging
 + Level 12.1 Stealth
 + Level 5.0 Shields
 - Level 8.0 Spellcasting
 - Level 10.8 Conjurations
 - Level 2.3 Transmutations
 - Level 5.5 Fire Magic
 + Level 9.9 Ice Magic
 - Level 6.9 Poison Magic
 - Level 6.7 Evocations


You had 2 spell levels left.
You knew the following spells:

 Your Spells              Type           Power      Damage    Failure   Level
a - Orb of Destruction    Conj           36%        9d13      4%          7
b - Ozocubu's Refrigerat  Ice            34%        4d11      5%          7
c - Ignite Poison         Fire/Tmut/Pois 47%        N/A       1%          3
d - Olgreb's Toxic Radia  Pois           57%        N/A       1%          4
e - Passwall              Tmut/Erth      17%        N/A       1%          2
f - Fireball              Conj/Fire      31%        3d13      1%          5

Your spell library contained the following spells:

 Spells                   Type           Power      Damage    Failure   Level
 Lee's Rapid Deconstruct  Erth           6%         3d7*      10%         5
 Corona                   Hex            14%        N/A       1%          1
 Magic Dart               Conj           100%       1d8       1%          1
 Sandblast                Erth           26%        2d8       1%          1
 Sting                    Tmut/Pois      100%       1d8       1%          1
 Summon Small Mammal      Summ           52%        N/A       1%          1
 Blink                    Tloc           N/A        N/A       1%          2
 Call Imp                 Summ           13%        N/A       1%          2
 Ensorcelled Hibernation  Hex/Ice        94%        N/A       1%          2
 Poisonous Vapours        Pois/Air       74%        N/A       1%          2
 Slow                     Hex            13%        N/A       1%          2
 Conjure Flame            Conj/Fire      62%        6-21      1%          3
 Dazzling Flash           Conj/Hex       100%       N/A       1%          3
 Frozen Ramparts          Ice            100%       1d12      1%          3
 Mephitic Cloud           Conj/Pois/Air  52%        N/A       1%          3
 Stone Arrow              Conj/Erth      100%       3d13      1%          3
 Summon Ice Beast         Ice/Summ       47%        N/A       1%          4
 Bolt of Magma            Conj/Fire/Erth 25%        4d12      1%          5
 Iskenderun's Battlesphe  Conj           73%        2d12      1%          5
 Call Canine Familiar     Summ           13%        N/A       4%          3
 Confusing Touch          Hex            13%        N/A       4%          3
 Gell's Gravitas          Tloc           6%         N/A       4%          3
 Summon Guardian Golem    Hex/Summ       13%        N/A       4%          3
 Tukima's Dance           Hex            13%        N/A       4%          3
 Metabolic Englaciation   Hex/Ice        23%        N/A       4%          5
 Iron Shot                Conj/Erth      25%        9d5       6%          6
 Yara's Violent Unravell  Hex/Tmut       10%        3d6       7%          5
 Petrify                  Tmut/Erth      21%        N/A       9%          4
 Leda's Liquefaction      Hex/Erth       6%         N/A       13%         4
 Summon Lightning Spire   Summ/Air       13%        N/A       13%         4
 Spellforged Servitor     Conj/Summ      25%        N/A       28%         7
 Borgnjor's Vile Clutch   Necr/Erth      6%         N/A       32%         5
 Silence                  Hex/Air        6%         N/A       32%         5
 Statue Form              Tmut/Erth      14%        N/A       73%         6
 Shadow Creatures         Summ           N/A        N/A       86%         6
 Shatter                  Erth           6%         3d9*      100%        9
 Animate Armour           Summ/Erth      Unusable   N/A       N/A         4

Dungeon Overview and Level Annotations

Branches:
Dungeon (14/15)            Temple (0/1) D:7            Lair (6/6) D:9
 Shoals (0/4) Lair:2        Snake (0/4) Lair:3        Slime (0/5) Lair:5
    Orc (2/2) D:12            Elf (0/3) Orc:2        Vaults (0/5) D:14
  IceCv (visited)

Altars:
Ashenzari
Fedhas
Gozag
Makhleb
Nemelex Xobeh
Okawaru
Vehumet
Xom
Yredelemnul
Zin
Beogh
Jiyva

Shops:
D:1 *   D:2 [   D:3 [   D:10 *([   D:14 *   Orc:1 ?   Orc:2 [:(*

Portals:
Abyss: Orc:1
Trove: D:14 (show abyssal rune of Zot)

Annotations:
D:9 1 exclusion
D:10 4 runed translucent doors
D:13 Erolcha
Lair:3 exclusion: 2 nagas
Lair:5 1 runed translucent door
Orc:1 2 transporters, Hemupopaeq's ghost, journeyman OgHu
Orc:2 exclusion: 2 upstairs


Innate Abilities, Weirdness & Mutations

You cannot drink.
You cannot wear most types of armour.
You are amphibious.
You can wear up to eight rings at the same time.
Your skin changes colour to match your surroundings (Stealth+).
Your rubbery body absorbs attacks. (AC +1, EV +1)
((You are camouflaged near water. (Stealth+)))
You have tentacles for arms and can constrict up to eight enemies at once.


Message History

The heat is drained from your surroundings.
You feel very cold.
The sphinx is frozen.
The sphinx is moderately wounded.
You block the sphinx's attack. The sphinx hits you but does no damage.
The sphinx hits you! x2; The sphinx hits you but does no damage.
The sphinx completely misses you.
Casting: Ozocubu's Refrigeration (dangerous; 5% risk of failure)
Confirm with . or Enter, or press ? or * to list all spells.
The heat is drained from your surroundings.
You feel very cold.
The sphinx is frozen.
The sphinx is heavily wounded.
The sphinx casts a spell.
You are confused.
The sphinx mumbles some strange words.
Something smites you!
You're too confused to cast spells.
You bump into the rock wall.
The sphinx hits you!! The sphinx closely misses you. The sphinx hits you.
You're too confused to move!
The sphinx hits you. x2
The sphinx hits you but does no damage.
The sphinx casts a spell.
You struggle to resist.
The sphinx hits you!!
* * * LOW HITPOINT WARNING * * *
The sphinx barely misses you. x2
You bump into the rock wall.
You feel less confused.
The sphinx mumbles some strange words.
You are confused.
You bump into the rock wall.
The sphinx hits you.
* * * LOW HITPOINT WARNING * * *
The sphinx closely misses you. The sphinx hits you.
* * * LOW HITPOINT WARNING * * *
The sphinx hits you!!
* * * LOW HITPOINT WARNING * * *
The sphinx hits you but does no damage. The sphinx closely misses you.
The sphinx hits you.
* * * LOW HITPOINT WARNING * * *
The sphinx hits you!
You die...

#.#...# #.........
#.#####
######......... #H#
##.............. #.#
##............... #.#
##.......≈≈≈(..###
#.#####........≈≈≈..##
#
#..............≈≈≈..#
#####...............##
# #.H@.............###
#...................
#...................
#<.........)........
#<..................
#<..................
#...................
#^..................
#............(...###


You could see a sphinx.

Vanquished Creatures
  Azrael (D:12)
  Josephine (Lair:6)
  Harold (D:8)
  Fannar (Lair:2)
  6 hydras
  3 vault guards (D:14)
  3 boulder beetles
  2 catoblepae
  6 centaur warriors
  3 two-headed ogres
  A tengu warrior (D:13)
  2 orc high priests
  A wizard (D:14)
  A phantasmal warrior (D:13)
  A lindwurm (Lair:5)
  A deep elf archer (D:13)
  A necromancer (IceCv)
  2 deep elf pyromancers (D:13)
  2 ugly things
  A wolf spider (D:13)
  A manticore (D:11)
  4 oklob plants (Lair:6)
  6 orc knights
  A cyclops (D:11)
  5 orc sorcerers
  4 black mambas
  11 elephants
  A gargoyle (D:14)
  21 cane toads
  An ice statue (D:10)
  Psyche (D:8)
  An efreet (D:14)
  3 rime drakes
  14 komodo dragons
  2 yaktaurs (D:14)
  6 ice devils (IceCv)
  A troll (shapeshifter) (D:14)
  7 trolls
  3 polar bears
  A meliai (D:13)
  A dream sheep (shapeshifter) (D:14)
  3 tyrant leeches (Lair:6)
  Prince Ribbit (Lair:3)
  26 blink frogs
  A meliai zombie (D:10)
  4 slime creatures (D:12)
  4 dream sheep
  A spriggan (D:10)
  3 vampires
  59 yaks
  3 wyverns
  5 basilisks
  6 wraiths
  Grum (Lair:1)
  2 fire elementals (D:12)
  9 vampire mosquitoes
  4 wargs
  Menkaure (D:4)
  15 water moccasins
  5 hell hounds (D:12)
  21 orc warriors
  A hornet zombie (D:8)
  2 ice beasts
  A black bear (Lair:4)
  11 ogres
  12 wolves
  16 centaurs
  A necrophage (D:7)
  A phantom (D:6)
  2 kobold brigands (D:10)
  Blork the orc (D:5)
  28 bullfrogs
  3 scorpions
  3 gnoll sergeants
  2 water moccasin skeletons
  20 killer bees
  5 wights (D:8)
  5 electric eels
  2 howler monkeys
  2 crimson imps
  7 centaur zombies
  4 draconian simulacra (IceCv)
  2 jellies
  20 orc priests
  A bullfrog skeleton (D:6)
  7 hounds
  2 iguanas
  Jessica (D:2)
  Ijyb (D:5)
  23 orc wizards
  2 troll simulacra (IceCv)
  A spriggan simulacrum (IceCv)
  A killer bee zombie (D:7)
  2 centaur simulacra (IceCv)
  4 adders
  19 gnolls
  A naga simulacrum (IceCv)
  3 white imps
  2 ufetubi
  An adder skeleton (D:4)
  A worm (D:2)
  A dart slug (D:1)
  50 orcs
  2 endoplasms (D:1)
  3 giant cockroaches
  6 goblins
  4 hobgoblins
  2 jackals (D:1)
  22 kobolds
  3 quokkas
  12 ball pythons
  6 bats
  3 frilled lizards
  A goblin skeleton (D:10)
  2 rats
  A toadstool (D:4)
650 creatures vanquished.

Vanquished Creatures (others)
  A goblin skeleton (D:10)
  28 fungi
  97 plants
  4 toadstools (D:4)
130 creatures vanquished.

Grand Total: 780 creatures vanquished

Notes
Turn   | Place    | Note
-------+----------+-------------------------------------------
     0 | D:1      | freelancePsychic the Octopode Venom Mage began the quest
                  | for the Orb.
     0 | D:1      | Reached XP level 1. HP: 11/11 MP: 3/3
   521 | D:1      | Reached XP level 2. HP: 17/17 MP: 1/5
   524 | D:1      | Learned a level 2 spell: Poisonous Vapours
   676 | D:1      | Reached skill level 1 in Fire Magic
  1113 | D:1      | Found Resso's Assorted Antiques.
  1383 | D:1      | Reached XP level 3. HP: 21/21 MP: 1/6
  1902 | D:2      | Found Gostath's Armour Shoppe.
  2451 | D:2      | Reached XP level 4. HP: 16/27 MP: 0/7
  2592 | D:2      | Learned a level 3 spell: Ignite Poison
  2826 | D:2      | Noticed Jessica
  2843 | D:2      | Killed Jessica
  3070 | D:3      | Found a faded altar of an unknown god.
  3179 | D:3      | Found a blossoming altar of Fedhas.
  3255 | D:3      | Found Dusivo's Antique Armour Shop.
  3355 | D:1      | Bought a glittering iron ring for 135 gold pieces
  3355 | D:1      | Identified the ring of Neduorau {rCorr Int+4} (You bought
                  | it in a shop on level 1 of the Dungeon)
  3464 | D:3      | Found a shimmering altar of Xom.
  3466 | D:3      | Noticed an angel
  3467 | D:3      | Found a glowing silver altar of Zin.
  3820 | D:4      | Found an iron altar of Okawaru.
  3959 | D:4      | Found a radiant altar of Vehumet.
  3962 | D:4      | Reached XP level 5. HP: 31/31 MP: 5/8
  3968 | D:4      | Became a worshipper of Vehumet
  4453 | D:4      | Noticed Menkaure
  4506 | D:5      | Entered Level 5 of the Dungeon
  4516 | D:5      | Reached skill level 5 in Stealth
  4516 | D:5      | Reached skill level 5 in Poison Magic
  4573 | D:5      | Reached XP level 6. HP: 36/36 MP: 2/9
  4763 | D:5      | Noticed an ice beast
  4788 | D:5      | Killed an ice beast
  4892 | D:5      | Learned a level 4 spell: Olgreb's Toxic Radiance
  5069 | D:4      | Found a sparkling altar of Nemelex Xobeh.
  5081 | D:4      | Found an opulent altar of Gozag.
  5085 | D:4      | Reached * piety under Vehumet
  5085 | D:4      | Offered knowledge of Sandblast by Vehumet.
  5086 | D:4      | Reached XP level 7. HP: 41/41 MP: 4/10
  5294 | D:4      | Reached skill level 1 in Fighting
  5294 | D:4      | Reached skill level 1 in Shields
  5428 | D:5      | Noticed Blork the orc
  5597 | D:5      | Noticed Ijyb
  5602 | D:5      | Killed Ijyb
  5842 | D:5      | Killed Blork the orc
  5941 | D:5      | Reached skill level 2 in Fighting
  5949 | D:5      | Reached XP level 8. HP: 47/51 MP: 9/11
  6017 | D:5      | Reached skill level 3 in Fighting
  6127 | D:5      | Identified the +0 robe of the Sea {rCorr Str+3 Dex-3}
  6392 | D:5      | Reached skill level 4 in Fighting
  6684 | D:6      | Reached ** piety under Vehumet
  6739 | D:6      | Offered knowledge of Static Discharge by Vehumet.
  6748 | D:6      | Reached skill level 5 in Fighting
  6876 | D:6      | Reached XP level 9. HP: 61/61 MP: 3/12
  7345 | D:7      | Reached skill level 6 in Fighting
  7349 | D:7      | Reached skill level 10 in Stealth
  7351 | D:7      | Reached skill level 7 in Fighting
  7730 | D:7      | Found a staircase to the Ecumenical Temple.
  7936 | D:7      | Found a burning altar of Makhleb.
  7945 | D:7      | Offered knowledge of Frozen Ramparts by Vehumet.
  7950 | D:7      | Learned a level 3 spell: Frozen Ramparts
  8576 | D:8      | Noticed Psyche
  8779 | D:8      | Reached skill level 1 in Maces & Flails
  9357 | D:8      | Noticed Harold
  9779 | D:9      | Found a staircase to the Lair.
  9781 | D:9      | Reached *** piety under Vehumet
  9782 | D:9      | Reached XP level 10. HP: 71/71 MP: 6/13
 10234 | D:9      | Reached skill level 1 in Ice Magic
 10773 | D:9      | Noticed a gargoyle
 11113 | D:9      | Reached skill level 8 in Fighting
 11552 | D:10     | Entered Level 10 of the Dungeon
 11870 | D:10     | Found a runed translucent gate.
 11870 | D:10     | Found a runed translucent gate.
 11870 | D:10     | Found a runed translucent gate.
 11871 | D:10     | Noticed a cyan ugly thing
 11871 | D:10     | Noticed a glowing orange brain
 11872 | D:10     | Noticed a purple ugly thing
 11873 | D:10     | Noticed a brown ugly thing
 11873 | D:10     | Noticed a red very ugly thing
 11878 | D:10     | Noticed a cyan ugly thing
 11981 | D:10     | Reached skill level 5 in Maces & Flails
 12056 | D:10     | Offered knowledge of Hailstorm by Vehumet.
 12057 | D:10     | Reached skill level 9 in Fighting
 12529 | D:10     | Reached XP level 11. HP: 39/80 MP: 14/14
 12719 | D:10     | Found Fyitenu's General Store.
 12739 | D:10     | Found a transporter.
 12740 | D:10     | Noticed an orc high priest
 12864 | D:11     | Noticed a manticore
 12867 | D:11     | Killed a manticore
 12872 | D:11     | Noticed a boulder beetle
 12878 | D:10     | Found a runed translucent door.
 12949 | D:10     | Reached **** piety under Vehumet
 12950 | D:10     | Reached skill level 10 in Fighting
 13145 | D:10     | Found Puafid Odwi's Weapon Shop.
 13237 | D:10     | Found Gunistru's Antique Armour Shop.
 13245 | D:10     | Bought a glowing hat for 189 gold pieces
 13428 | D:11     | Killed a boulder beetle
 13428 | D:11     | Offered knowledge of Lightning Bolt by Vehumet.
 13688 | D:11     | Noticed a cyclops
 13691 | D:11     | Killed a cyclops
 13960 | D:11     | Noticed a red ugly thing
 14058 | D:11     | Reached skill level 11 in Fighting
 14296 | D:11     | Found a glowing silver altar of Zin.
 14388 | D:12     | Noticed Azrael
 14401 | D:12     | Noticed a boulder beetle
 14406 | D:12     | Killed a boulder beetle
 14436 | D:12     | Reached skill level 12 in Fighting
 14484 | D:12     | Noticed a six-headed hydra
 14761 | D:12     | Noticed a six-headed hydra
 14784 | D:12     | Noticed a boulder beetle
 14812 | D:12     | Killed a boulder beetle
 14813 | D:12     | Reached XP level 12. HP: 92/92 MP: 13/15
 14910 | D:12     | Identified the +7 flail of Gehenna {vamp, Fly Int+2}
 15040 | D:12     | Found a staircase to the Orcish Mines.
 15327 | D:12     | Reached skill level 5 in Dodging
 15711 | Orc:1    | Entered Level 1 of the Orcish Mines
 15829 | Orc:1    | Noticed an orc warlord
 15831 | Orc:1    | Noticed a great orb of eyes
 15837 | Orc:1    | Noticed a green very ugly thing
 15863 | Orc:1    | Found a transporter.
 15864 | Orc:1    | Found a transporter.
 15870 | Orc:1    | Noticed a cacodemon
 15871 | Orc:1    | Found the +8 demon trident "Rift" {distort, reach+}
 15871 | Orc:1    | Found a one-way gate to the infinite horrors of the Abyss.
 15871 | Orc:1    | Noticed Hemupopaeq's ghost (journeyman OgHu)
 15918 | Orc:1    | Noticed a thrashing horror
 15962 | Orc:1    | Found Cerul's Magic Scroll Boutique.
 16080 | Orc:1    | Found a radiant altar of Vehumet.
 16629 | Orc:2    | Entered Level 2 of the Orcish Mines
 16744 | Orc:2    | Reached skill level 13 in Fighting
 16986 | Orc:2    | Noticed an orc high priest
 16989 | Orc:2    | Noticed a sun demon
 16989 | Orc:2    | Killed an orc high priest
 17081 | Orc:2    | Noticed an orc warlord
 17191 | Orc:1    | HP: 2/94 [orc warlord/+3 vorpal broad axe (10)]
 17830 | Orc:2    | Found Peajuat's Book Shop.
 17853 | Orc:2    | Found Hoefi's General Store.
 17877 | Orc:2    | Found Muqeosop's Antique Weapon Shop.
 17881 | Orc:2    | Found Diehexy's Antique Armour Shop.
 18358 | Orc:2    | Found a staircase to the Elven Halls.
 18630 | Lair:1   | Entered Level 1 of the Lair of Beasts
 18657 | Lair:1   | Reached skill level 1 in Evocations
 18897 | Lair:1   | Reached ***** piety under Vehumet
 18897 | Lair:1   | Offered knowledge of Fireball by Vehumet.
 19144 | Lair:1   | Reached XP level 13. HP: 31/99 MP: 17/17
 19454 | Lair:1   | Noticed Grum
 19457 | Lair:1   | Killed Grum
 19458 | Lair:1   | Reached skill level 5 in Evocations
 19568 | Lair:1   | You are sucked into a shaft and drop 1 floor!
 19586 | Lair:2   | Learned a level 5 spell: Fireball
 19675 | Lair:2   | Found a staircase to the Shoals.
 19703 | Lair:2   | Found a frozen archway.
 19712 | IceCv    | Entered an ice cave
 19772 | IceCv    | Reached skill level 1 in Conjurations
 21418 | Lair:2   | Found a radiant altar of Vehumet.
 21594 | D:8      | Killed Psyche
 21780 | D:8      | Killed Harold
 22124 | D:6      | Found a broken altar of Ashenzari.
 22216 | D:4      | Killed Menkaure
 22750 | Lair:2   | Noticed Fannar
 22754 | Lair:2   | Killed Fannar
 22885 | Lair:2   | Reached skill level 5 in Conjurations
 23406 | Lair:3   | Reached skill level 5 in Fire Magic
 23544 | Lair:3   | Found a staircase to the Snake Pit.
 23582 | Lair:3   | Noticed Prince Ribbit
 23585 | Lair:3   | Killed Prince Ribbit
 24559 | Lair:2   | Offered knowledge of Starburst by Vehumet.
 24888 | Lair:4   | Reached XP level 14. HP: 106/106 MP: 20/20
 25221 | Lair:4   | Identified the +6 dagger of the Warrior {vorpal, rN+ Str-5
                  | Dex+7 Stlth+}
 25357 | Lair:4   | Reached skill level 5 in Spellcasting
 25899 | Lair:5   | Identified the +10 glaive "Titown" {vorpal, rPois}
 25944 | Lair:5   | Found a runed translucent door.
 25944 | Lair:5   | Found a viscous altar of Jiyva.
 25944 | Lair:5   | Found a staircase to the Slime Pits.
 27161 | Lair:6   | Entered Level 6 of the Lair of Beasts
 27198 | Lair:6   | Noticed Josephine
 27203 | Lair:6   | Killed Josephine
 27750 | Lair:6   | Learned a level 7 spell: Orb of Destruction
 28018 | Lair:6   | Reached skill level 1 in Polearms
 28730 | Lair:5   | Reached skill level 10 in Conjurations
 30049 | Lair:6   | Offered knowledge of Ozocubu's Refrigeration by Vehumet.
 30419 | Lair:6   | Reached XP level 15. HP: 111/111 MP: 19/26
 30712 | Lair:6   | Learned a level 7 spell: Ozocubu's Refrigeration
 31742 | D:10     | Found a transporter.
 31771 | D:10     | Found a basalt altar of Yredelemnul.
 32115 | D:10     | Reached skill level 5 in Ice Magic
 32754 | D:13     | Noticed Snorg
 32972 | D:13     | Noticed Erolcha
 33391 | D:13     | Noticed a sphinx
 34264 | D:14     | Found Qeynorad's Blood Bar.
 35132 | D:14     | Found a gate to the Vaults.
 35155 | D:14     | Offered knowledge of Lee's Rapid Deconstruction by Vehumet.
 35689 | D:14     | Found a portal to a secret trove of treasure.
 36207 | D:12     | Killed Azrael
 37093 | Orc:2    | Bought a book of Geomancy for 525 gold pieces
 37097 | Orc:2    | Learned a level 2 spell: Passwall
 37448 | D:13     | Reached skill level 5 in Shields
 37473 | D:13     | HP: 5/111 [sphinx (19)]
 37475 | D:13     | HP: 2/111 [sphinx (4)]
 37475 | D:13     | Mangled by a sphinx

Illustrated notes

Levels and vault maps discovered:
D:1:      nzn_arrival_crosshair, layout_basic, serial_shops, shop,
          minmay_bisected
D:2:      layout_basic, serial_shops, shop, minmay_heptomino_h4, uniq_jessica
D:3:      layout_loops_cross, grunt_temple_overflow_order_and_chaos_1,
          fedhas_altar_1, chequers_ecumenical_altar_grove, serial_shops, shop
D:4:      layout_basic, grunt_temple_overflow_opulence, vehumet_crystals,
          lemuel_coloured_pillars_altar, minmay_gold_behind_fungi, uniq_menkaure
D:5:      layout_layer_cave, minivault_11, corexii_corridor_pit,
          kennysheep_dice, uniq_ijyb, uniq_blork_the_orc
D:6:      layout_rooms, marbit_many_paths
D:7:      layout_basic, makhleb_grotto_becter, minmay_temple_entry_poolview
D:8:      layout_basic, uniq_psyche, uniq_harold
D:9:      cheibrodos_statue_roulette, layout_irregular_city,
          erik_lair_orcish_takeover
D:10:     gammafunk_beogh_shrine, layout_cave_pods, dk_yredelemnul_ordeal,
          ploomutoo_gammafunk_ghost_potion_laboratory, serial_shops,
          shop_fountains, kennysheep_mini_moat, nicolae_shop_behind_doors,
          hangedman_stone_soup, minivault_16, minmay_between
D:11:     layout_loops_ring, serial_glass, glass_columns_a, glass_columns_b,
          nrook_uturn, zin_scriptorium
D:12:     layout_stronghold, minmay_orc_entry_temple_small,
          gauntlet_entry_generic, minivault_21, nzn_sisyphean_effort,
          uniq_azrael
D:13:     layout_big_octagon, minmay_evil_grid, uniq_erolcha, uniq_snorg
D:14:     layout_roguey, grunt_vaults_entry_fortified, enter_trove_6,
          grunt_dithmenos_shadows, guppyfry_shop_blood
Lair:1:   layout_cave_shapes, uniq_grum
Lair:2:   layout_cave_pods, minmay_shoals_entry_centaurs,
          portal_ice_cave_entry_pillars_1, basic_altar, uniq_fannar
Lair:3:   layout_chaotic_city, guppyfry_snake_entry_island,
          infiniplex_staircase_pool, grunt_megastairs_1, uniq_prince_ribbit2
Lair:4:   layout_hall_layers, grunt_megastairs_3
Lair:5:   layout_cave_shapes, slime_altar_2, chequers_serial_rivers_large_b
Lair:6:   minmay_lair_end_frog_pond, layout_regular_city,
          chequers_serial_rivers_large_a, minmay_lair_oklob_chamber,
          lemuel_fruit_fields, lemuel_fruit_tree, uniq_josephine
Orc:1:    layout_caves, basic_altar, serial_shops, shop,
          gammafunk_ghost_abyssal_escape
Orc:2:    grunt_orc_cross, layout_caves

Skill      XL: |  1  2  3  4  5  6  7  8  9 10 11 12 13 14 15 |
---------------+----------------------------------------------+-----
Stealth        | 3 4 5 8 10 11 12 | 12.1
Fire Magic     | 1 2 5 |  5.5
Poison Magic   | 4 5 6 |  6.9
Transmutations | 2 |  2.3
Fighting       | 2 5 7 9 12 13 | 13.6
Shields        | 3 4 5 |  5.0
Dodging        | 4 7 |  7.4
Maces & Flails | 3 6 8 |  8.0
Ice Magic      | 3 9 |  9.9
Evocations     | 3 6 |  6.7
Spellcasting   | 3 4 7 8 |  8.0
Conjurations   | 6 10 | 10.8
Polearms       | 3 |  3.6

Action                   |  1- 3 |  4- 6 |  7- 9 | 10-12 | 13-15 || total
-------------------------+-------+-------+-------+-------+-------++-------
Melee: Unarmed           |    11 |       |       |       |       ||    11
       Tentacles         |     4 |     3 |    19 |    36 |    34 ||    96
       Constrict         |     3 |     7 |    19 |    11 |    34 ||    74
       Mace              |     8 |    14 |   112 |    12 |       ||   146
       Flail             |       |       |       |   200 |   156 ||   356
       Glaive            |       |       |       |       |    81 ||    81
Throw: Stone             |       |       |     5 |     3 |     1 ||     9
 Cast: Sting             |    27 |    12 |    18 |     7 |    15 ||    79
       Poisonous Vapours |    29 |    59 |    28 |    24 |       ||   140
       Olgreb's Toxic Ra |       |     2 |    24 |   112 |   211 ||   349
       Ignite Poison     |       |     2 |    31 |    83 |   124 ||   240
       Frozen Ramparts   |       |       |       |    13 |    27 ||    40
       Fireball          |       |       |       |       |    63 ||    63
       Orb of Destructio |       |       |       |       |    50 ||    50
       Ozocubu's Refrige |       |       |       |       |    72 ||    72
Evoke: Wand              |       |       |       |     9 |     5 ||    14
  Use: Scroll            |       |     5 |     7 |    18 |    15 ||    45
       Potion            |       |       |       |    10 |     3 ||    13
 Stab: Sleeping          |     2 |       |     2 |     3 |    10 ||    17
       Distracted        |       |       |       |     1 |     3 ||     4
Armor: Skin              |     3 |     6 |    57 |    51 |    55 ||   172
Dodge: Dodged            |    19 |    15 |   107 |   149 |   266 ||   556
Block: Buckler           |       |       |    21 |    80 |    50 ||   151

Table legend: (Time is in decaauts)
 A = Elapsed time spent in this place.
 B = Non-inter-level travel time spent in this place.
 C = Inter-level travel time spent in this place.
 D = Time resting spent in this place.
 E = Time spent auto-exploring this place.
 F = Levels seen in this place.
 G = Mean time per level.
                   A        B        C        D        E       F      G
               +--------+--------+--------+--------+--------+-----+--------+
         Total |  37675 |  35387 |   2288 |  13550 |  12134 |  23 | 1638.0 |
       Dungeon |  22617 |  21053 |   1564 |   6920 |   8160 |  14 | 1615.5 |
          Lair |  10289 |   9692 |    597 |   4329 |   3105 |   6 | 1714.8 |
  Orcish Mines |   3079 |   2953 |    126 |   1031 |    869 |   2 | 1539.5 |
      Ice Cave |   1688 |   1688 |      0 |   1270 |      0 |   1 | 1688.0 |
               +--------+--------+--------+--------+--------+-----+--------+

Top non-repeatable levels by time:
  Lair:5: 3585 daAuts
    D:10: 2833 daAuts
    D:12: 2475 daAuts
     D:8: 2268 daAuts
     D:1: 1931 daAuts
  Lair:2: 1854 daAuts
     D:9: 1788 daAuts
    D:14: 1689 daAuts
   IceCv: 1688 daAuts
   Orc:2: 1625 daAuts
  Lair:6: 1590 daAuts
    D:13: 1559 daAuts
     D:5: 1532 daAuts
    D:11: 1465 daAuts
   Orc:1: 1454 daAuts
